 Dungeon Crawl Stone Soup version 0.20.1-1-g8b1a95d (webtiles) character file.

1121 Lorindel the Magician (level 8, -2/44 HPs)
             Began as a Deep Elf Wizard on July 22, 2017.
             Was a Follower of Sif Muna.
             Shot with an arrow by a centaur (7 damage)
             ... on level 5 of the Dungeon.
             The game lasted 01:02:09 (7262 turns).

Lorindel the Magician (Deep Elf Wizard)             Turns: 7262, Time: 01:02:10

Health: -2/44      AC:  3    Str:  3 (4)  XL:     8   Next: 12%
Magic:  18/18      EV: 13    Int: 24 (26) God:    Sif Muna [*.....]
Gold:   300        SH:  3    Dex: 11 (13) Spells: 5/18 levels left

rFire    . . .     SeeInvis .   i - +1 dagger (protect)
rCold    . . .     Gourm    .   (no shield)
rNeg     . . .     Faith    .   F - +0 robe
rPois    .         Spirit   .   b - +1 hat
rElec    .         Reflect  +   (no cloak)
rCorr    .         Harm     .   (no gloves)
MR       .....                  (no boots)
Stlth    +++.......             h - +3 amulet of reflection
Regen    0.2/turn               D - ring of stealth
MPRegen  0.2/turn               (no ring)

@: no status effects
A: no striking features
a: Divine Energy, Renounce Religion


You were on level 5 of the Dungeon.
You worshipped Sif Muna.
Sif Muna was aware of your devotion.
You were not hungry.

You visited 2 branches of the dungeon, and saw 7 of its levels.
You also visited: Ossuary.

You collected 300 gold pieces.

Inventory:

Hand Weapons
 i - a +1 dagger of protection (weapon)
 o - a +2 dire flail of crushing
 s - a +2 dagger of electrocution
 v - a +0 hand axe
 x - a +0 spear
 E - a +0 short sword of venom
 G - a +1 falchion of slicing
Missiles
 e - 189 stones (quivered)
 u - 83 arrows
Armour
 b - a +1 hat (worn)
 F - a +0 robe (worn)
Jewellery
 h - a +3 amulet of reflection (around neck)
 D - a ring of stealth (left hand)
Wands
 y - a wand of scattershot (5/9)
Scrolls
 p - 2 scrolls of remove curse
 C - 3 scrolls of teleportation
Potions
 f - 2 potions of might
 k - a potion of ambrosia
 l - a potion of haste
 m - a potion of magic
 q - 4 potions of flight
 t - 3 potions of brilliance
 B - 2 potions of berserk rage
Books
 c - a book of Minor Magic

   Spells                             Type                      Level
   a - Magic Dart                     Conjuration                  1
   b - Blink                          Translocation                2
   c - Call Imp                       Summoning                    2
   d - Slow                           Hexes                        2
   e - Conjure Flame                  Conjuration/Fire             3
   f - Mephitic Cloud                 Conjuration/Poison/Air       3
Comestibles
 a - a chunk of flesh
 d - 4 bread rations
 g - 7 fruits
 n - a royal jelly
 w - a meat ration


   Skills:
 + Level 2.3 Fighting
 + Level 3.6 Dodging
 + Level 4.4 Stealth
 + Level 5.9 Spellcasting
 + Level 3.2 Conjurations
 + Level 3.2 Hexes
 + Level 2.5 Summonings
 + Level 3.2 Translocations
 + Level 2.7 Fire Magic
 + Level 2.4 Air Magic
 + Level 2.0 Poison Magic
 + Level 0.7 Invocations
 + Level 2.5 Evocations


You had 5 spell levels left.
You knew the following spells:

 Your Spells              Type           Power        Failure   Level  Hunger
a - Magic Dart            Conj           ###.         1%          1    None
b - Call Imp              Summ           ###.....     4%          2    None
c - Slow                  Hex            ###.....     3%          2    None
d - Blink                 Tloc           N/A          3%          2    None
e - Mephitic Cloud        Conj/Pois/Air  ###.....     9%          3    #......
f - Conjure Flame         Conj/Fire      ###.....     7%          3    #......


Dungeon Overview and Level Annotations

Branches:
Dungeon (6/15)             Temple (1/1) D:4

Altars:
Hepliaklqana
Makhleb
Sif Muna
Trog
Uskayaw
Xom
Yredelemnul


Message History

Your crimson imp hits the centaur but does no damage.
Something completely misses your crimson imp.
Unknown command.
The centaur unwields an uncursed shortbow.
The centaur closely misses you.
Your crimson imp hits the centaur but does no damage.
The centaur hits you.
* * * LOW HITPOINT WARNING * * *
Your crimson imp hits the centaur.
The centaur misses your crimson imp.
You feel better.
An orc wizard appears from thin air!
Reactivating autopickup.
Your crimson imp disappears in a puff of smoke!
The centaur wields an uncursed shortbow.
The centaur shoots an arrow.
The arrow barely misses you.
Your magical contamination has completely faded away.
Magic courses through your body.
The centaur shoots an arrow.
The arrow hits you!
* * * LOW HITPOINT WARNING * * *
The centaur shoots an arrow.
The arrow hits you!
You die...

#............#...............)..
##..........##..(#.#............
##...##...###......(...........
########## ###..###..(........
#....# #....#........... #....#
##.##........#....
#....#####c.##...##........
#.........ยง...............#
#....###..@#.##............
#<.........#.#............#
#....###.#(...............#
##.......##.#.............#
#....####..###.........#.#
#....# ##.## ##...#......#
#....###..# ##....###..#
######...##########.####..
###.###................


You could see a centaur.

Vanquished Creatures
  Edmund (D:5)
  An orc warrior (D:4)
  2 phantoms (D:5)
  A crimson imp (D:5)
  A hound (D:4)
  3 orc priests (D:3)
  A centaur skeleton (D:4)
  An orc wizard (D:4)
  4 big kobold zombies (Ossuary)
  A hound zombie (D:5)
  3 adders
  3 shadow imps
  4 adder zombies (Ossuary)
  2 worms (D:2)
  3 leopard geckos
  5 orcs
  9 bats
  4 giant cockroaches
  2 gnoll zombies (Ossuary)
  8 goblins
  11 hobgoblins
  2 jackals (D:1)
  2 quokkas (D:4)
  2 frilled lizards (D:2)
  2 hobgoblin zombies (Ossuary)
  4 kobolds
  5 kobold zombies (Ossuary)
  2 orc zombies (Ossuary)
  A quokka skeleton (D:5)
  5 rats
95 creatures vanquished.

Vanquished Creatures (collateral kills)
  Menkaure (D:5)
  3 water moccasin zombies (Ossuary)
  A scorpion (D:4)
  2 orc priests
  A hound (D:4)
  An orc wizard (D:4)
  6 worker ants
  2 mummies (Ossuary)
  A howler monkey zombie (D:5)
  Robin (D:2)
  5 adders
  2 adder zombies (Ossuary)
  A worm (D:4)
  A dart slug (D:5)
  2 leopard geckos
  14 orcs
  A bat (D:3)
  2 giant cockroaches (D:2)
  A gnoll zombie (Ossuary)
  4 hobgoblins
  2 jackals (D:3)
  A quokka (D:3)
  A ball python skeleton (D:5)
  7 goblins
  2 hobgoblin zombies (Ossuary)
  3 kobolds
  2 kobold zombies (Ossuary)
  An orc zombie (Ossuary)
71 creatures vanquished.

Grand Total: 166 creatures vanquished

Notes
Turn   | Place    | Note
-------+----------+-------------------------------------------
     0 | D:1      | Lorindel the Deep Elf Wizard began the quest for the Orb.
     0 | D:1      | Reached XP level 1. HP: 10/10 MP: 7/7
   197 | D:1      | Reached XP level 2. HP: 14/16 MP: 3/9
   230 | D:1      | Learned a level 2 spell: Call Imp
   233 | D:1      | Learned a level 2 spell: Slow
   236 | D:1      | Learned a level 2 spell: Blink
  1103 | D:1      | Reached XP level 3. HP: 20/20 MP: 8/11
  1195 | D:2      | Reached skill level 1 in Hexes
  1237 | D:2      | Noticed Robin
  1264 | D:2      | Learned a level 3 spell: Mephitic Cloud
  1300 | D:2      | Killed Robin
  1529 | D:2      | Reached skill level 1 in Fighting
  1938 | D:2      | Reached XP level 4. HP: 13/25 MP: 1/12
  2039 | D:2      | Reached skill level 5 in Spellcasting
  2526 | D:3      | Found a transporter.
  2528 | D:3      | Found a transporter.
  2698 | D:3      | Learned a level 3 spell: Conjure Flame
  2744 | D:3      | Reached skill level 1 in Fire Magic
  2836 | D:3      | Reached XP level 5. HP: 16/29 MP: 9/14
  3068 | D:3      | Reached skill level 1 in Air Magic
  4008 | D:4      | Found a staircase to the Ecumenical Temple.
  4014 | Temple   | Entered the Ecumenical Temple
  4040 | Temple   | Became a worshipper of Sif Muna the Loreminder
  4083 | D:4      | Reached skill level 1 in Poison Magic
  4087 | D:4      | Reached XP level 6. HP: 7/34 MP: 1/16
  4226 | D:4      | Found a shimmering altar of Xom.
  4304 | D:4      | Found a sand-covered staircase.
  4314 | Ossuary  | Entered an ossuary
  4848 | Ossuary  | Reached skill level 1 in Evocations
  5357 | Ossuary  | Reached XP level 7. HP: 26/38 MP: 1/17
  6071 | D:4      | Reached * piety under Sif Muna
  6182 | D:5      | Entered Level 5 of the Dungeon
  6507 | D:5      | Noticed Menkaure
  6526 | D:5      | Killed Menkaure
  6710 | D:5      | Reached XP level 8. HP: 15/44 MP: 1/18
  7074 | D:5      | Noticed Edmund
  7109 | D:5      | Killed Edmund
  7231 | D:6      | Found a burning altar of Makhleb.
  7262 | D:5      | Shot with an arrow by a centaur

Skill      XL: |  1  2  3  4  5  6  7  8 |
---------------+-------------------------+-----
Stealth        | 3 4 |  4.4
Hexes          | 1 2 3 |  3.2
Fighting       | 1 2 |  2.3
Spellcasting   | 5 |  5.9
Translocations | 2 3 |  3.2
Fire Magic     | 1 2 |  2.7
Air Magic      | 1 2 |  2.4
Conjurations   | 2 3 |  3.2
Poison Magic   | 1 2 |  2.0
Summonings     | 2 |  2.5
Evocations     | 1 2 |  2.5
Dodging        | 3 |  3.6
Invocations    | |  0.7

Action                   |  1- 3 |  4- 6 |  7- 9 || total
-------------------------+-------+-------+-------++-------
Melee: Dagger            |    74 |   140 |   113 ||   327
Throw: Stone             |       |     1 |       ||     1
 Cast: Magic Dart        |    59 |    52 |    23 ||   134
       Call Imp          |    11 |    50 |    48 ||   109
       Mephitic Cloud    |     1 |     4 |     7 ||    12
       Blink             |     1 |     6 |     4 ||    11
       Slow              |       |     3 |    16 ||    19
       Conjure Flame     |       |    13 |     7 ||    20
Evoke: Wand              |       |     1 |       ||     1
  Use: Scroll            |     5 |     9 |     4 ||    18
       Potion            |       |     1 |     6 ||     7
 Stab: Sleeping          |     2 |     4 |     1 ||     7
       Confused          |       |     1 |       ||     1
       Distracted        |       |     2 |     1 ||     3
  Eat: Chunk             |     3 |     8 |     2 ||    13
       Fruit             |       |     4 |       ||     4
       Bread ration      |       |       |     1 ||     1
Armor: Robe              |    19 |    50 |    24 ||    93
       Skin              |       |       |    13 ||    13
Dodge: Dodged            |    60 |   107 |    72 ||   239
Block: Other             |    12 |    18 |    18 ||    48
       Reflection        |       |       |     1 ||     1
